 Dungeon Crawl Stone Soup version 0.20-a0-738-gb057e68 (webtiles) character file.

209 polly the Bolt Thrower (level 6, -1/47 HPs)
             Began as a Formicid Hunter on Feb 24, 2017.
             Slain by polly's ghost (10 damage)
             ... on level 3 of the Dungeon.
             The game lasted 00:03:09 (1912 turns).

polly the Bolt Thrower (Formicid Hunter)            Turns: 1912, Time: 00:03:10

Health: -1/47      AC: 10    Str: 16    XL:     6   Next: 12%
Magic:  6/6        EV:  7    Int: 11    God:
Gold:   161        SH:  0    Dex: 13    Spells: 5/5 levels left

rFire    . . .     SeeInvis +   i - +0 whip (drain)
rCold    . . .     Gourm    .   n - +0 chain mail
rNeg     . . .     Faith    .   (no shield)
rPois    .         Spirit   .   (helmet unavailable)
rElec    .         Reflect  .   b - scarf {repulsion}
rCorr    .         Harm     .   (no gloves)
MR       .....                  t - +1 pair of boots
Stlth    ..........             (no amulet)
Regen    0.2/turn               (no ring)
MPRegen  0.1/turn               (no ring)

@: repel missiles
A: permanent stasis, dig shafts and tunnels, four strong arms, antennae 3
a: Dig, Shaft Self


You were on level 3 of the Dungeon.
You were near starving.

You visited 1 branch of the dungeon, and saw 3 of its levels.

You collected 161 gold pieces.

Inventory:

Hand Weapons
 a - a +1 hand crossbow
 i - a +0 whip of draining (weapon)
Missiles
 d - 25 bolts
Armour
 b - a scarf of repulsion (worn)
 n - a +0 chain mail (worn)
 t - a +1 pair of boots (worn)
Jewellery
 o - an uncursed amulet of faith {unknown}
Wands
 p - a wand of lightning (7/15)
Scrolls
 c - 2 scrolls of teleportation {unknown}
 e - 2 scrolls of immolation {unknown}
 g - a scroll of remove curse {unknown}
 h - 3 scrolls of magic mapping {unknown}
 j - 5 scrolls of amnesia {unknown}
 l - 3 scrolls of fog {unknown}
 r - 3 scrolls of enchant armour {unknown}
 v - a scroll of identify {unknown}
Potions
 m - a potion of agility {unknown}
 q - a potion of flight {unknown}
 s - a potion of heal wounds {unknown}
 w - a potion of lignification {unknown}
Comestibles
 f - 3 bread rations
 k - a royal jelly
 u - a meat ration


   Skills:
 + Level 3.2 Fighting
 + Level 6.1 Crossbows
 + Level 1.3 Armour
 + Level 1.8 Dodging
 + Level 1.9 Stealth


You had 5 spell levels left.
You didn't know any spells.

Dungeon Overview and Level Annotations

Branches:
Dungeon (3/15)

Altars:

Annotations:
D:3 polly's ghost, amateur SpHu


Innate Abilities, Weirdness & Mutations

You cannot be hasted, slowed, berserked, paralysed or teleported.
You can dig through walls and to a lower floor.
Your four strong arms can wield two-handed weapons with a shield.
You have a pair of large antennae on your head. (SInv)


Message History

Polly's ghost is heavily damaged.
Polly's ghost completely misses you.
You hit polly's ghost.
Polly's ghost is severely damaged.
Polly's ghost hits you.
You closely miss polly's ghost.
Polly's ghost is severely damaged.
Polly's ghost hits you.
You closely miss polly's ghost.
Polly's ghost is severely damaged.
Polly's ghost hits you. Polly's ghost hits you!
* * * LOW HITPOINT WARNING * * *
You hit polly's ghost.
Polly's ghost is severely damaged.
Polly's ghost hits you.
* * * LOW HITPOINT WARNING * * *
You miss polly's ghost.
Polly's ghost is severely damaged.
Polly's ghost hits you!
You die...

# #.#####.#####.##
#####...........<..#####
.........###...........#
....†.)............###.#
######.)####.(.....# #.#
#.............# #.#
#..####.......# #)#
#.............###.## ###
######..######.#@#.##...###.##
...............#W#....#....^.##
######..#####..#.####...#.....##
#..##.....#.# ##.#.......##
#..##.##.##.# #...........
#..##.##.##.#####.#.......##
##..##.##.##..............##
#............#######.#.†.##
####.####.##.##.# #.##.##


You could see polly's ghost.

Vanquished Creatures
  An orc wizard (D:3)
  Ijyb (D:2)
  4 gnolls (D:3)
  4 adders (D:3)
  3 oozes
  A worm (D:2)
  2 leopard geckos
  2 orcs (D:3)
  4 giant cockroaches
  8 goblins
  4 hobgoblins
  5 jackals
  A quokka (D:2)
  A ball python (D:2)
  7 bats
  4 frilled lizards
  6 kobolds
  6 rats
64 creatures vanquished.

Notes
Turn   | Place    | Note
-------+----------+-------------------------------------------
     0 | D:1      | polly the Formicid Hunter began the quest for the Orb.
     0 | D:1      | Reached XP level 1. HP: 16/16 MP: 1/1
   134 | D:1      | Reached XP level 2. HP: 22/22 MP: 2/2
   406 | D:1      | Reached XP level 3. HP: 28/28 MP: 3/3
   703 | D:2      | Noticed Ijyb
   705 | D:2      | Killed Ijyb
   705 | D:2      | Reached skill level 5 in Crossbows
   705 | D:2      | Reached XP level 4. HP: 34/34 MP: 4/4
  1268 | D:3      | Reached XP level 5. HP: 39/39 MP: 5/5
  1349 | D:3      | Reached skill level 1 in Armour
  1401 | D:3      | Reached skill level 6 in Crossbows
  1420 | D:3      | Reached XP level 6. HP: 46/47 MP: 6/6
  1595 | D:3      | Noticed polly's ghost (amateur SpHu)
  1912 | D:3      | Slain by polly's ghost

Vault maps used:
D:1:      elethiomel_arrival_infinity_welcomes_careful_drivers
D:2:      first_bread, uniq_iyjb

Skill      XL: |  1  2  3  4  5 |
---------------+----------------+-----
Crossbows      | 5 6 |  6.1
Armour         | 1 |  1.3
Fighting       | 3 |  3.2
Dodging        | |  1.8
Stealth        | |  1.9

Action                   |  1- 3 |  4- 6 || total
-------------------------+-------+-------++-------
Melee: Whip              |       |    17 ||    17
 Fire: Hand crossbow     |    48 |    89 ||   137
  Eat: Chunk             |       |     1 ||     1
Armor: Leather armour    |     3 |       ||     3
       Chain mail        |       |    27 ||    27
Dodge: Dodged            |     5 |    17 ||    22
       Deflected         |       |     1 ||     1
